 Dungeon Crawl Stone Soup version 0.29-a0-923-g6e406bff71 (webtiles) character file.

Game seed: 394801349412600907

96 quixfox the Digger (level 4, -2/24 HPs)
             Began as a Gargoyle Earth Elementalist on July 27, 2022.
             Slain by a scorpion (3 damage)
             ... on level 3 of the Dungeon.
             The game lasted 00:05:50 (2334 turns).

quixfox the Digger (Gargoyle Earth Elementalist)    Turns: 2334, Time: 00:05:51

Health: -2/24      AC:  5    Str: 11    XL:     4   Next: 67%
Magic:  2/8        EV: 11    Int: 18    God:
Gold:   150        SH:  0    Dex: 10    Spells: 3/9 levels left

rFire   . . .      SeeInvis +   d - +2 falchion (elec)
rCold   . . .      Faith    .   (no shield)
rNeg    + . .      Spirit   .   a - +0 robe
rPois   ∞          Reflect  .   (no helmet)
rElec   +          Harm     .   (no cloak)
rCorr   .          Rampage  .   (no gloves)
Will    +....                   (no boots)
Stlth   ++........              (no amulet)
HPRegen 0.08/turn               g - ring of see invisible
MPRegen 0.11/turn               n - ring of willpower

@: no status effects
A: sickness immunity, AC +3, negative energy resistance 1, electricity
resistance, torment resistance 1, petrification resistance
a: no special abilities


You were on level 3 of the Dungeon.
You visited 1 branch of the dungeon, and saw 3 of its levels.

You collected 150 gold pieces.

Inventory:

Hand Weapons
 d - a +2 falchion of electrocution (weapon)
Armour
 a - a +0 robe (worn)
 k - a +0 buckler
Jewellery
 g - a ring of see invisible (left hand)
 n - a ring of willpower (right hand)
Scrolls
 c - 2 scrolls of vulnerability {unknown}
 e - 2 scrolls of identify {unknown}
 h - a scroll of teleportation {unknown}
 j - a scroll of enchant weapon {unknown}
 m - a scroll of summoning {unknown}
 q - a scroll of magic mapping {unknown}
 r - a scroll of amnesia {unknown}
Potions
 b - a potion of magic
 f - a potion of flight {unknown}
 i - a potion of berserk rage {unknown}
 l - a potion of brilliance {unknown}
 o - a potion of mutation {unknown}
 p - a potion of curing {unknown}


   Skills:
 - Level 1.5 Dodging
 - Level 2.1 Stealth
 + Level 0.7 Shields
 + Level 3.1 Spellcasting
 + Level 1.5 Conjurations
 - Level 0.7 Transmutations
 + Level 4.8 Earth Magic


You had 3 spell levels left.
You knew the following spells:

 Your Spells              Type           Power      Damage    Failure   Level
a - Sandblast             Erth           40%        2d10      2%          1
b - Passwall              Tmut/Erth      10%        N/A       8%          2
c - Stone Arrow           Conj/Erth      28%        3d8       13%         3

Your spell library contained the following spells:

 Spells                   Type           Power      Damage    Failure   Level
 Necrotise                Necr           8%         1d4       16%         1
 Vampiric Draining        Necr           2%         2d6       43%         3
 Petrify                  Tmut/Erth      12%        N/A       45%         4
 Agony                    Necr           2%         N/A       99%         5


Dungeon Overview and Level Annotations

Branches:
Dungeon (3/15)

Altars:
Xom


Innate Abilities, Weirdness & Mutations

You are immune to sickness and miasma.
Your stone body is resilient. (AC +3)
You are immune to poison.
You resist negative energy. (rN+)
You are resistant to electric shocks. (rElec)
You are resistant to unholy torment.
You are immune to petrification.


Message History

The scorpion is lightly wounded.
The scorpion barely misses you.
The scorpion stings you but does no damage.
Aiming: Sandblast (safe; 2% risk of failure)
Press: ? - help, Q - select action, (/) - cycle Shift-Dir - straight line, f/p - scorpion
Aim: a scorpion (lightly wounded, 83% to hit)
The blast of sand hits the scorpion but does no damage.
The scorpion is lightly wounded.
The scorpion stings you!
The scorpion stings you but does no damage.
The scorpion stings you.
Aiming: Sandblast (safe; 2% risk of failure)
Press: ? - help, Q - select action, (/) - cycle Shift-Dir - straight line, f/p - scorpion
Aim: a scorpion (lightly wounded, 83% to hit)
The blast of sand hits the scorpion!
The scorpion is severely wounded.
The scorpion closely misses you. x2
Aiming: Sandblast (safe; 2% risk of failure)
Press: ? - help, Q - select action, (/) - cycle Shift-Dir - straight line, f/p - scorpion
Aim: a scorpion (severely wounded, 83% to hit)
The blast of sand misses the scorpion.
The scorpion stings you. x2
Aiming: Sandblast (safe; 2% risk of failure)
Press: ? - help, Q - select action, (/) - cycle Shift-Dir - straight line, f/p - scorpion
Aim: a scorpion (severely wounded, 83% to hit)
The blast of sand hits the scorpion but does no damage.
The scorpion is severely wounded.
The scorpion stings you.
* * * LOW HITPOINT WARNING * * *
The scorpion stings you.
* * * LOW HITPOINT WARNING * * *
The scorpion stings you.
* * * LOW HITPOINT WARNING * * *
Aiming: Sandblast (safe; 2% risk of failure)
Press: ? - help, Q - select action, (/) - cycle Shift-Dir - straight line, f/p - scorpion
Aim: a scorpion (severely wounded, 83% to hit)
The blast of sand hits the scorpion.
The scorpion is almost dead.
The scorpion closely misses you. The scorpion stings you.
You die...

#.##.#..##..#####.########.
#....######.# ###.
#####.##?.#.# #.....
#..##.#.## #.....
#...#.#..# #.....
#.##.g#..####.# #..... #.#
#w#.......# #....
#.####s.####### ####+
#.....@.# .....##.##
####.##.# .##.# .##.# ##.#
#.# #.#


You could see a scorpion, a dart slug and a goblin.

Vanquished Creatures
  2 adders
  A worm (D:2)
  6 dart slugs
  An orc (D:3)
  6 endoplasms
  7 giant cockroaches
  5 goblins
  9 hobgoblins
  2 quokkas
  4 ball pythons
  2 bats
  A frilled lizard (D:1)
  5 kobolds
  6 rats
57 creatures vanquished.

Notes
Turn   | Place    | Note
-------+----------+-------------------------------------------
     0 | D:1      | quixfox the Gargoyle Earth Elementalist began the quest for
                  | the Orb.
     0 | D:1      | Reached XP level 1. HP: 10/10 MP: 3/3
   169 | D:1      | Reached XP level 2. HP: 15/15 MP: 1/5
   232 | D:1      | Reached skill level 4 in Earth Magic
   564 | D:1      | Reached XP level 3. HP: 19/19 MP: 4/6
   567 | D:1      | Learned a level 2 spell: Passwall
   571 | D:1      | Learned a level 3 spell: Stone Arrow
   923 | D:2      | Reached skill level 1 in Conjurations
  1040 | D:2      | Found a shimmering altar of Xom.
  1181 | D:2      | Found a faded altar of an unknown god.
  1184 | D:2      | Reached XP level 4. HP: 24/24 MP: 6/8
  2327 | D:3      | Noticed a scorpion
  2333 | D:3      | HP: 1/24 [scorpion (1)]
  2334 | D:3      | Slain by a scorpion

Illustrated notes

Levels and vault maps discovered:
D:1:      wander_arrival_abandoned_jail, layout_rooms, minmay_stone_trees_small,
          serial_park_tiny_1, chequers_serial_rivers_micro_c,
          minmay_misc_feat_more_columns
D:2:      layout_basic, hellmonk_ecumenical_altar_slurped_away, basic_altar,
          minmay_surrounded
D:3:      layout_basic, mainiacjoe_overflow_chevrons, minmay_cut_off

Skill      XL: |  1  2  3  4 |
---------------+-------------+-----
Earth Magic    | 4 |  4.8
Conjurations   | 1 |  1.5
Spellcasting   | 3 |  3.1
Dodging        | |  1.5
Stealth        | |  2.1
Shields        | |  0.7
Transmutations | |  0.7

Action                   |  1- 3 |  4- 6 || total
-------------------------+-------+-------++-------
 Cast: Sandblast         |    50 |    36 ||    86
Armor: Robe              |     5 |     6 ||    11
Dodge: Dodged            |     7 |    12 ||    19

Table legend: (Time is in decaauts)
 A = Elapsed time spent in this place.
 B = Non-inter-level travel time spent in this place.
 C = Inter-level travel time spent in this place.
 D = Time resting spent in this place.
 E = Time spent auto-exploring this place.
 F = Levels seen in this place.
 G = Mean time per level.
                   A        B        C        D        E       F      G
               +--------+--------+--------+--------+--------+-----+--------+
         Total |   2418 |   2359 |     59 |    242 |   1728 |   3 |  806.0 |
       Dungeon |   2418 |   2359 |     59 |    242 |   1728 |   3 |  806.0 |
               +--------+--------+--------+--------+--------+-----+--------+

Top non-repeatable levels by time:
     D:2: 1212 daAuts
     D:1: 1003 daAuts
     D:3: 201 daAuts
